 Dungeon Crawl Stone Soup version 0.30.1-3-gfc49f6343a (webtiles) character file.

Game seed: 13842479354372442047

2 Descartes the Charlatan (level 1, 0/10 HPs)
             Began as a Deep Elf Wanderer on July 30, 2023.
             Slain by a goblin
             ... wielding a +0 dagger
              (1 damage)
             ... on level 1 of the Dungeon.
             The game lasted 00:01:00 (204 turns).

Descartes the Charlatan (Deep Elf Wanderer)          Turns: 204, Time: 00:01:01

Health: 0/10       AC:  5    Str:  9    XL:     1   Next: 33%
Magic:  3/6        EV: 10    Int: 16    God:
Gold:   51         SH:  0    Dex: 14    Spells: 5/6 levels left

rFire   . . .        a - +0 dagger
rCold   . . .        (no shield)
rNeg    . . .        h - +0 ring mail
rPois   .            (no helmet)
rElec   .            (no cloak)
rCorr   .            (no gloves)
SInv    .            (no boots)
Will    .....        (no amulet)
Stlth   +            (no ring)
HPRegen 0.21/turn    (no ring)
MPRegen 0.10/turn

%: no passive effects
@: very slightly contaminated
A: no striking features
a: no special abilities


You were on level 1 of the Dungeon.
You visited 1 branch of the dungeon, and saw 1 of its levels.

You collected 51 gold pieces.

Inventory:

Hand Weapons
 a - a +0 dagger (weapon)
Armour
 b - a +0 scale mail
 h - a +0 ring mail (worn)
Wands
 d - a wand of polymorph (9)
Potions
 c - a potion of lignification
 e - a potion of haste {unknown}
 f - a potion of magic {unknown}
 g - a potion of brilliance {unknown}


   Skills:
 - Level 1.1 Armour
 - Level 1.2 Dodging
 - Level 3.0 Spellcasting
 + Level 0.5 Ice Magic
 - Level 1.0 Invocations
 - Level 5.4 Evocations


You had 5 spell levels left.
You knew the following spells:

 Your Spells              Type           Power      Damage    Failure   Level
a - Freeze                Ice            16%        1d4       38%         1

Your spell library contained the following spells:

 Spells                   Type           Power      Damage    Failure   Level
 Frozen Ramparts          Ice            8%         1d2       77%         3


Dungeon Overview and Level Annotations

Branches:
Dungeon (1/15)

Altars:


Message History

Confirm with . or Enter, or press ? or * to list all spells.
You can't see any susceptible monsters within range! (Use Z to cast anyway.)
The endoplasm closely misses you. The goblin hits you but does no damage.
Casting: Freeze (safe; 38% risk of failure)
Confirm with . or Enter, or press ? or * to list all spells.
Aiming: Freeze (safe; 38% risk of failure)
Press: ? - help, Shift-Dir - straight line, f - endoplasm
Aim: an endoplasm You miscast Freeze.
You are very lightly contaminated with residual magic.
Nothing appears to happen.
The endoplasm freezes you.
You are frozen.
The goblin hits you with a +0 dagger.
Casting: Freeze (safe; 38% risk of failure)
Confirm with . or Enter, or press ? or * to list all spells.
Aiming: Freeze (safe; 38% risk of failure)
Press: ? - help, Shift-Dir - straight line, f/p - endoplasm
Aim: an endoplasm You freeze the endoplasm.
The endoplasm is severely wounded.
The endoplasm barely misses you. The goblin hits you but does no damage.
Casting: Freeze (safe; 38% risk of failure)
Confirm with . or Enter, or press ? or * to list all spells.
Aiming: Freeze (safe; 38% risk of failure)
Press: ? - help, Shift-Dir - straight line, f/p - endoplasm
Aim: an endoplasm (severely wounded)
You miscast Freeze.
Nothing appears to happen.
The endoplasm jiggles.
The endoplasm freezes you.
You are frozen.
The goblin hits you but does no damage.
You completely miss the endoplasm.
The endoplasm is severely wounded.
The endoplasm freezes you.
You are frozen.
Ouch! That really hurt!
* * * LOW HITPOINT WARNING * * *
The goblin hits you but does no damage. The endoplasm attacks as you move away!
The endoplasm barely misses you. The goblin attacks as you move away!
The goblin hits you with a +0 dagger.
You die...

#...... #.....##########
#......###.....#.........
...............#.#####...
#.......#......#.#####...
.........................
#.>...........#.#######.
#..........(..#.## #.
#.....g.#+#..†#..# ..
#.....J@......##.# .....
#......####...##.# .....
#......# #...##.# .....
###########+#....##.....
#.........#..#...#
#.........##.#...#
#.........##.#...#
#######.#.##.....#
#.#.#....####


You could see an endoplasm and a goblin.

Vanquished Creatures
  An endoplasm (D:1)
  A frilled lizard (D:1)
  A rat (D:1)
3 creatures vanquished.

Notes
Turn   | Place    | Note
-------+----------+-------------------------------------------
     0 | D:1      | Descartes the Deep Elf Wanderer began the quest for the
                  | Orb.
     0 | D:1      | Descartes set off with the following items: a +0 dagger, a
                  | +0 scale mail, a potion of lignification, a wand of
                  | polymorph (9); and the following spell memorised: Freeze;
                  | and the following spells available to memorise: Frozen
                  | Ramparts.
     0 | D:1      | Reached XP level 1. HP: 10/10 MP: 6/6
   204 | D:1      | Slain by a goblin

Illustrated notes

Levels and vault maps discovered:
D:1:      dpeg_arrival_tiny_g, layout_basic, kennysheep_nondescript

Action                     || total
---------------------------++-------
  Melee: Dagger            ||    10
   Cast: Freeze            ||     2
 Armour: Scale mail        ||     5
         Ring mail         ||     4
  Dodge: Dodged            ||     7
